 Dungeon Crawl Stone Soup version 0.22-a0-880-gb7b0c8b (webtiles) character file.

11951 Kidiri the Thaumaturge (level 11, -1/62 HPs)
             Began as a Deep Elf Fire Elementalist on July 30, 2018.
             Was a Believer of Vehumet.
             Killed from afar by a bog body (51 damage)
             ... with a bolt of cold
             ... on level 2 of the Lair of Beasts.
             The game lasted 00:35:34 (11798 turns).

Kidiri the Thaumaturge (DEFE)                      Turns: 11798, Time: 00:35:35

Health: -1/62      AC:  7    Str:  5    XL:     11   Next: 56%
Magic:  15/29      EV: 16    Int: 29    God:    Vehumet [**....]
Gold:   300        SH:  6    Dex: 19    Spells: 10/34 levels left

rFire    + + .     SeeInvis .   y - +10 morningstar of Moderation {venom, MR+ Dex+6 Stlth+}
rCold    x . .     Gourm    +   h - +0 buckler
rNeg     . . .     Faith    .   n - +2 leather armour {rF+}
rPois    .         Spirit   .   C - +0 hat
rElec    .         Reflect  .   (no cloak)
rCorr    .         Harm     .   q - +1 pair of gloves
MR       ++...                  (no boots)
Stlth    +++.......             d - amulet of the gourmand
HPRegen  0.20/turn              o - +5 ring of intelligence
MPRegen  0.21/turn              p - ring of fire

@: no status effects
A: clumsy 1, wild magic 1
a: Renounce Religion


You were on level 2 of the Lair of Beasts.
You worshipped Vehumet.
Vehumet was pleased with you.
You were full.

You visited 3 branches of the dungeon, and saw 11 of its levels.
You also visited: Ossuary.

You collected 598 gold pieces.
You spent 298 gold pieces at shops.

Inventory:

Hand Weapons
 b - a +4 short sword of flaming
 y - the +10 morningstar of Moderation (weapon) {venom, MR+ Dex+6 Stlth+}
   (You bought it in a shop on level 6 of the Dungeon)

   It poisons the flesh of those it strikes.
   It affects your dexterity (+6).
   It affects your resistance to hostile enchantments.
   It makes you more stealthy.
Armour
 h - a +0 buckler (worn)
 n - a +2 leather armour of fire resistance (worn)
 q - a +1 pair of gloves (worn)
 C - a +0 hat (worn)
Jewellery
 a - an uncursed ring of protection from magic
 d - an amulet of the gourmand (around neck)
 o - a +5 ring of intelligence (left hand)
 p - a ring of fire (right hand)
 t - an uncursed ring of magical power
 w - an uncursed ring of see invisible
Wands
 r - a wand of flame (6)
 z - a wand of disintegration (8)
Scrolls
 i - 2 scrolls of fear
 k - a scroll of blinking
 l - 2 scrolls of magic mapping
 m - 5 scrolls of remove curse
 u - 4 scrolls of amnesia
 x - 3 scrolls of teleportation
Potions
 e - a potion of haste
 f - 3 potions of flight
 g - 2 potions of resistance
 j - 2 potions of curing
 s - a potion of agility
 v - 2 potions of heal wounds
 A - 2 potions of might {unknown}
 B - a potion of brilliance
 D - 2 potions of cancellation {unknown}
 E - a potion of magic {unknown}
Comestibles
 c - 24 rations


   Skills:
 + Level 4.6 Fighting
 + Level 5.7 Short Blades
 + Level 4.7 Armour
 + Level 7.3 Dodging
 - Level 2.4 Stealth
 + Level 4.5 Shields
 * Level 12.2 Spellcasting
 + Level 7.3 Conjurations
 + Level 7.9 Fire Magic
 + Level 1.3 Air Magic


You had 10 spell levels left.
You knew the following spells:

 Your Spells              Type           Power        Failure   Level  Hunger
a - Flame Tongue          Conj/Fire      #####        1%          1    None
b - Throw Flame           Conj/Fire      ######       1%          2    None
c - Conjure Flame         Conj/Fire      #######.     1%          3    None
d - Inner Flame           Hex/Fire       ######..     4%          3    None
e - Sticky Flame          Conj/Fire      #######.     3%          4    None
f - Fireball              Conj/Fire      #######...   9%          5    ##.....
g - Deflect Missiles      Chrm/Air       ####......   100%        6    ####...

Your spell library contained the following spells:

 Spells                   Type           Power        Failure   Level  Hunger
 Cause Fear               Hex            ###.......   52%         4    None
 Magic Dart               Conj           ####         1%          1    None
 Confuse                  Hex            ###.....     21%         3    None
 Confusing Touch          Hex            ###...       8%          1    None
 Metabolic Englaciation   Hex/Ice        ###.......   85%         5    ##.....
 Silence                  Hex/Air        ####......   77%         5    ##.....
 Petrify                  Tmut/Erth      ###.....     52%         4    None
 Discord                  Hex            ###.......   100%        8    #######
 Gell's Gravitas          Tloc           ###.......   21%         3    None
 Yara's Violent Unravell  Hex/Tmut       ###.......   85%         5    ##.....


Dungeon Overview and Level Annotations

Branches:
Dungeon (8/15)             Temple (1/1) D:7            Lair (2/6) D:8
  Snake (0/4) Lair:2
  Swamp: Lair:2-4    Shoals: Lair:2-4

Altars:
Ashenzari
Cheibriados
Dithmenos
Gozag
Hepliaklqana
Kikubaaqudgha
Makhleb
Nemelex Xobeh
Okawaru
Qazlal
Ru
Sif Muna
Trog
Uskayaw
Vehumet
Wu Jian
Xom
Yredelemnul
Zin
The Shining One

Shops:
D:6 (:??


Innate Abilities, Weirdness & Mutations

You are clumsy. (Dex -2)
Your spells are a little harder to cast, but a little more powerful.


Message History

You feel a surge of power!
The flame tongue misses the bog body.
The bog body points at you and mumbles some strange words.
The bolt of cold misses you.
Casting: Flame Tongue (safe; 1% risk of failure)
Confirm with . or Enter, or press ? or * to list all spells.
Aiming: Sticky Flame (safe; 3% risk of failure)
Press: ? - help, Shift-Dir - straight line, f/p - bog body
Aim: a bog body (heavily damaged)
You feel a surge of power!
The sticky flame hits the bog body.
The bog body resists.
The bog body is heavily damaged.
The bog body is covered in liquid flames!
The bog body burns!
The bog body closely misses you. The bog body barely misses you.
Unknown command.
The bog body burns!
The bog body points at you and mumbles some strange words.
The bolt of cold hits you!
You feel a terrible chill!
Ouch! That really hurt!
You die...

.. ... . . ... #.#.#.# #.
...#.# +#.# ♣♣♣♣♣ ...#####
...#
♣≈≈≈≈♣♣♣..##.####...###
.♣.......⌠...#.........#
.........§n.@.........P###
≈≈≈≈≈≈♣♣♣....#........P#.#
♣♣♣♣♣ ♣.......#.......+...
♣♣♣ .......P..+..........#
..# ........####.......##
### ........# ##.#'#.## #
#P####+.# ###....# # ##
#.## ##..### #.. ##...###


You could see a bog body (burning).

Vanquished Creatures
  Gastronok (Lair:1)
  Fannar (Lair:1)
  A two-headed ogre (D:8)
  Pikel (D:7)
  A gargoyle (D:5)
  2 spiny frogs (Lair:1)
  2 komodo dragons (Lair:1)
  5 blink frogs (Lair:1)
  2 hippogriffs
  A wraith (Ossuary)
  The ghost of Kuinu the Skirmisher, an amateur DrSk (D:3)
  8 yaks
  The ghost of yoda5477 the Conjurer, an amateur GnCj of Sif Muna (D:4)
  A swamp worm (Lair:2)
  2 water moccasins (Lair:1)
  4 porcupines
  3 slaves (D:7)
  An ice beast (D:6)
  A hornet zombie (D:8)
  Duvessa (D:7)
  An orc warrior (D:8)
  5 black bears
  A sky beast (D:6)
  3 centaurs
  2 crocodiles
  7 bullfrogs
  A gnoll sergeant (D:7)
  3 scorpions
  Dowan (D:7)
  A water moccasin skeleton (D:5)
  6 killer bees (D:8)
  2 howler monkeys
  3 crimson imps
  A centaur zombie (D:8)
  A quasit (D:8)
  A jelly (D:5)
  2 bullfrog zombies
  A bullfrog skeleton (D:6)
  5 hounds
  An orc priest (D:4)
  3 orc wizards
  4 iguanas
  6 worker ants
  2 mummies
  4 gnolls
  A howler monkey skeleton (D:8)
  11 adders
  A shadow imp (D:5)
  An adder zombie (D:5)
  2 adder skeletons
  2 worms
  A dart slug (D:2)
  3 leopard geckos
  27 orcs
  A ball python (D:4)
  10 giant cockroaches
  6 goblins
  7 hobgoblins
  4 jackals
  4 kobolds
  3 quokkas
  4 bats
  2 frilled lizards
  6 gnoll skeletons (Ossuary)
  5 kobold skeletons (Ossuary)
  A kobold zombie (D:5)
  A leopard gecko skeleton (D:3)
  A leopard gecko zombie (D:7)
  14 orc skeletons (Ossuary)
  An orc zombie (D:5)
  6 rats
232 creatures vanquished.

Vanquished Creatures (others)
  47 fungi
  28 plants
75 creatures vanquished.

Grand Total: 307 creatures vanquished

Notes
Turn   | Place    | Note
-------+----------+-------------------------------------------
     0 | D:1      | Kidiri the Deep Elf Fire Elementalist began the quest for the Orb.
     0 | D:1      | Reached XP level 1. HP: 10/10 MP: 6/6
   798 | D:2      | Reached XP level 2. HP: 15/15 MP: 4/8
   809 | D:2      | Learned a level 2 spell: Throw Flame
   885 | D:2      | Found a snail-covered altar of Cheibriados.
  1064 | D:2      | Reached skill level 4 in Spellcasting
  1068 | D:2      | Reached XP level 3. HP: 10/19 MP: 1/10
  1105 | D:2      | Learned a level 3 spell: Conjure Flame
  1109 | D:2      | Learned a level 3 spell: Inner Flame
  1775 | D:3      | Found a runed door.
  1784 | D:3      | Reached XP level 4. HP: 22/24 MP: 2/12
  1786 | D:3      | Noticed Kuinu's ghost (amateur DrSk)
  2079 | D:3      | Reached skill level 5 in Spellcasting
  2442 | D:3      | Learned a level 4 spell: Sticky Flame
  2560 | D:4      | Found a runed door.
  2567 | D:4      | Noticed yoda5477's ghost (amateur GnCj)
  2620 | D:4      | Reached XP level 5. HP: 16/28 MP: 0/14
  3275 | D:4      | Noticed a black bear
  3289 | D:4      | Killed a black bear
  3289 | D:4      | Reached skill level 6 in Spellcasting
  3289 | D:4      | Reached XP level 6. HP: 32/32 MP: 16/17
  3516 | D:4      | Learned a level 5 spell: Fireball
  3669 | D:5      | Entered Level 5 of the Dungeon
  3735 | D:5      | Found a sand-covered staircase.
  3742 | Ossuary  | Entered an ossuary
  3742 | Ossuary  | Noticed a wraith
  3742 | Ossuary  | Noticed a wraith
  3742 | Ossuary  | Noticed a wraith
  4207 | Ossuary  | Noticed a wraith
  4246 | Ossuary  | Killed a wraith
  4246 | Ossuary  | Reached skill level 1 in Short Blades
  4246 | Ossuary  | Reached XP level 7. HP: 31/37 MP: 1/19
  4436 | D:5      | Reached skill level 1 in Armour
  4436 | D:5      | Reached skill level 7 in Spellcasting
  4436 | D:5      | Reached skill level 5 in Fire Magic
  4447 | D:5      | Reached skill level 1 in Fighting
  4565 | D:5      | Reached skill level 1 in Shields
  4976 | D:5      | Found a stormy altar of Qazlal.
  5112 | D:5      | Found a burning altar of Makhleb.
  5116 | D:5      | Reached XP level 8. HP: 39/43 MP: 19/21
  5461 | D:5      | Paralysed by a crimson imp for 7 turns
  5479 | D:5      | Paralysed by a crimson imp for 2 turns
  5493 | D:5      | Paralysed by a crimson imp for 2 turns
  5501 | D:5      | Paralysed by a crimson imp for 3 turns
  5539 | D:5      | Found an opulent altar of Gozag.
  5540 | D:5      | Found a sparkling altar of Nemelex Xobeh.
  5573 | D:5      | Paralysed by a crimson imp for 7 turns
  5590 | D:5      | Paralysed by a crimson imp for 4 turns
  5669 | D:5      | Noticed a gargoyle
  5677 | D:5      | Killed a gargoyle
  5677 | D:5      | Reached skill level 8 in Spellcasting
  5903 | D:5      | Found a sacrificial altar of Ru.
  5906 | D:5      | Found a shimmering altar of Xom.
  5909 | D:5      | Found a burning altar of Makhleb.
  6273 | D:6      | Found Ciemmeedghi's Book Shop.
  6413 | D:6      | Found a radiant altar of Vehumet.
  6413 | D:6      | Found an ancient bone altar of Kikubaaqudgha.
  6414 | D:6      | Found a deep blue altar of Sif Muna.
  6440 | D:6      | Reached skill level 9 in Spellcasting
  6440 | D:6      | Reached XP level 9. HP: 49/49 MP: 8/24
  6551 | D:6      | Identified Vehumet's Compendium of Conjuration
  6554 | D:6      | Became a worshipper of Vehumet
  6656 | D:6      | Reached skill level 5 in Conjurations
  6659 | D:6      | Found Zuthroari's Antique Weapon Boutique.
  6662 | D:6      | Found Leiskixt's Magic Scroll Boutique.
  6685 | D:6      | Bought a steaming morningstar for 270 gold pieces
  6685 | D:6      | Identified the +10 morningstar of Moderation {venom, MR+ Dex+6 Stlth+} (You bought it in a shop on level 6 of the Dungeon)
  6690 | D:6      | Bought a scroll of identify for 28 gold pieces
  6710 | D:6      | Found Yhymonk's Magic Scroll Shop.
  6764 | D:6      | Reached skill level 5 in Dodging
  6882 | D:6      | Found a glowing silver altar of Zin.
  6961 | D:6      | Found a deep blue altar of Sif Muna.
  7215 | D:7      | Found a bloodstained altar of Trog.
  7254 | D:7      | Found a staircase to the Ecumenical Temple.
  7378 | D:7      | Noticed Duvessa
  7379 | D:7      | Noticed Dowan
  7384 | D:7      | Killed Dowan
  7386 | D:7      | Killed Duvessa
  7486 | D:7      | Reached * piety under Vehumet
  7486 | D:7      | Offered knowledge of Sandblast by Vehumet.
  7681 | D:7      | Noticed Pikel
  7729 | D:7      | Killed Pikel
  7729 | D:7      | Reached skill level 10 in Spellcasting
  8161 | D:4      | Killed yoda5477's ghost
  8344 | D:3      | Killed Kuinu's ghost
  8344 | D:3      | Reached XP level 10. HP: 27/56 MP: 6/26
  8590 | Temple   | Entered the Ecumenical Temple
  9107 | D:8      | Gained mutation: Your system is resistant to poisons. (rPois) [potion of mutation]
  9107 | D:8      | Gained mutation: Your body sometimes deteriorates upon taking damage. [potion of mutation]
  9107 | D:8      | Gained mutation: You are weak. (Str -2) [potion of mutation]
  9107 | D:8      | Lost mutation: You are weak. (Str -2) [potion of mutation]
  9108 | D:8      | Lost mutation: Your body sometimes deteriorates upon taking damage. [potion of mutation]
  9108 | D:8      | Lost mutation: Your system is resistant to poisons. (rPois) [potion of mutation]
  9108 | D:8      | Gained mutation: You are clumsy. (Dex -2) [potion of mutation]
  9108 | D:8      | Gained mutation: Your spells are a little harder to cast, but a little more powerful. [potion of mutation]
  9241 | D:8      | Noticed a two-headed ogre
  9261 | D:8      | Killed a two-headed ogre
  9397 | D:8      | Found a staircase to the Lair.
  9580 | D:8      | Reached skill level 11 in Spellcasting
  9850 | Lair:1   | Entered Level 1 of the Lair of Beasts
  9909 | Lair:1   | Noticed a spiny frog
  9918 | Lair:1   | Killed a spiny frog
 10060 | Lair:1   | Noticed Fannar
 10174 | Lair:1   | Offered knowledge of Searing Ray by Vehumet.
 10174 | Lair:1   | Reached skill level 5 in Short Blades
 10268 | Lair:1   | Reached ** piety under Vehumet
 10293 | Lair:1   | Reached XP level 11. HP: 18/61 MP: 8/28
 10392 | Lair:1   | HP: 2/61 [komodo dragon (29)]
 10816 | Lair:1   | Killed Fannar
 11121 | Lair:1   | Learned a level 6 spell: Deflect Missiles
 11158 | Lair:1   | Noticed Gastronok
 11188 | Lair:1   | Killed Gastronok
 11188 | Lair:1   | Reached skill level 12 in Spellcasting
 11188 | Lair:1   | Reached skill level 1 in Air Magic
 11659 | Lair:2   | Found a staircase to the Snake Pit.
 11798 | Lair:2   | Killed from afar by a bog body

Vault maps used:
D:1:      mrwooster_arrival_statue_3
D:2:      lemuel_doored_altar, first_ration, cheibrodos_gnoll_hut
D:3:      hellmonk_ghost_happy_afterlife, due_unseen_surprise
D:4:      ebering_ghost_reflecting_pool
D:5:      grunt_temple_overflow_opulence, grunt_temple_overflow_diamond,
          grunt_qazlal_sundering, nicolae_ossuary_entry_giza,
          makhleb_blood_cavern_becter
D:6:      grunt_temple_overflow_magic_moments, serial_shops, shop, shop,
          kennysheep_mini, shop, basic_altar, lemuel_statue_altar
D:7:      minmay_temple_entry_overgrown, bloody_trog, uniq_duvessa, uniq_pikel
D:8:      due_lair_maze_entry_diamond, lightli_orcish_oven
Temple:   eino_wide_crystal_templ
Lair:1:   infiniplex_staircase_pool, grunt_megastairs_2, uniq_gastronok,
          uniq_fannar
Lair:2:   nicolae_swamp_entry_splash_gauntlet, dummy_snake_entry
Ossuary:  ossuary_due_mausoleum

Skill      XL: |  1  2  3  4  5  6  7  8  9 10 11 |
---------------+----------------------------------+-----
Spellcasting   | 4 5 6 7 9 10 11 12 | 12.2
Conjurations   | 2 3 4 5 6 7 |  7.3
Fire Magic     | 4 5 6 7 |  7.9
Short Blades   | 1 2 3 4 5 |  5.7
Armour         | 1 2 3 4 |  4.7
Dodging        | 3 4 5 6 7 |  7.3
Fighting       | 1 2 3 4 |  4.6
Shields        | 1 2 3 4 |  4.5
Air Magic      | 1 |  1.3
Stealth        | |  2.4

Action                   |  1- 3 |  4- 6 |  7- 9 | 10-12 || total
-------------------------+-------+-------+-------+-------++-------
Melee: Short sword       |     7 |    10 |   189 |       ||   206
       Morningstar       |       |       |    14 |    12 ||    26
 Cast: Flame Tongue      |    56 |   100 |   145 |   120 ||   421
       Throw Flame       |       |    15 |    31 |    21 ||    67
       Sticky Flame      |       |     8 |    24 |    30 ||    62
       Conjure Flame     |       |     2 |     3 |    10 ||    15
       Fireball          |       |       |     1 |     4 ||     5
       Inner Flame       |       |       |     1 |    11 ||    12
Evoke: Wand              |       |       |       |     1 ||     1
  Use: Scroll            |     6 |     8 |     8 |     5 ||    27
       Potion            |       |       |     2 |     4 ||     6
 Stab: Sleeping          |     5 |     3 |     3 |     2 ||    13
  Eat: Chunk             |    15 |     5 |    17 |     9 ||    46
Armor: Robe              |    10 |     6 |       |       ||    16
       Leather armour    |       |    11 |    85 |    14 ||   110
Dodge: Dodged            |    32 |    32 |   140 |    49 ||   253
Block: Buckler           |       |       |    57 |    10 ||    67

Table legend:
 A = Spawn XP
 B = Non-spawn XP
 C = Spawn XP percentage of total XP
 D = Spawn monster count
 E = Non-spawn monster count
 F = Spawn count percentage of total count
 G = Total turns spent on level
                    A         B        C        D         E        F      G
               +---------+---------+-------+---------+---------+-------+---------
         Total |       0 |   17074 |   0.0 |       0 |     229 |   0.0 | 11798
               +---------+---------+-------+---------+---------+-------+---------
           D:1 |       0 |       9 |   0.0 |       0 |       6 |   0.0 |   806
           D:2 |       0 |      64 |   0.0 |       0 |      25 |   0.0 |   981
           D:3 |       0 |     264 |   0.0 |       0 |      21 |   0.0 |  1101
           D:4 |       0 |     461 |   0.0 |       0 |      13 |   0.0 |  1214
           D:5 |       0 |    1345 |   0.0 |       0 |      26 |   0.0 |  1986
           D:6 |       0 |    1786 |   0.0 |       0 |      24 |   0.0 |   887
           D:7 |       0 |    1385 |   0.0 |       0 |      23 |   0.0 |   983
           D:8 |       0 |    2794 |   0.0 |       0 |      38 |   0.0 |  1157
        Lair:1 |       0 |    8296 |   0.0 |       0 |      24 |   0.0 |  1743
        Lair:2 |       0 |     415 |   0.0 |       0 |       2 |   0.0 |   205
       Ossuary |       0 |     255 |   0.0 |       0 |      27 |   0.0 |   685
               +---------+---------+-------+---------+---------+-------+---------
